 Dungeon Crawl Stone Soup version 0.22-b1-59-g0aedee734a (webtiles) character file.

156 ooze the Cudgeler (level 5, -1/48 HPs)
             Began as a Minotaur Berserker on Aug 9, 2018.
             Was a Believer of Trog.
             Slain by an orc warrior
             ... wielding a +0 trident
              (10 damage)
             ... on level 4 of the Dungeon.
             The game lasted 00:04:44 (2354 turns).

ooze the Cudgeler (Minotaur Berserker)              Turns: 2354, Time: 00:04:44

Health: -1/48      AC:  8    Str: 23    XL:     5   Next: 15%
Magic:  4/4        EV:  8    Int:  4    God:    Trog [**....]
Gold:   115        SH:  0    Dex:  9    Spells: 4/4 levels left

rFire    . . .     SeeInvis .   a - +0 mace
rCold    . . .     Gourm    .   (no shield)
rNeg     . . .     Faith    .   n - +0 chain mail
rPois    .         Spirit   .   (helmet restricted)
rElec    .         Reflect  .   (no cloak)
rCorr    .         Harm     .   (no gloves)
MR       .....                  (no boots)
Stlth    ..........             (no amulet)
HPRegen  0.16/turn              (no ring)
MPRegen  0.09/turn              (no ring)

@: berserk cooldown, slowed, very slow
A: retaliatory headbutt, horns 2
a: Berserk, Trog's Hand, Renounce Religion


You were on level 4 of the Dungeon.
You worshipped Trog.
Trog was pleased with you.
You were near starving.

You visited 1 branch of the dungeon, and saw 4 of its levels.

You collected 115 gold pieces.

Inventory:

Hand Weapons
 a - a +0 mace (weapon)
Armour
 n - a +0 chain mail (worn)
Jewellery
 d - a cursed ring of teleportation {unknown}
Wands
 m - a wand of enslavement (12)
 r - a wand of clouds (5)
Scrolls
 b - 2 scrolls of magic mapping {unknown}
 e - a scroll of immolation {unknown}
 g - 2 scrolls of enchant armour {unknown}
 j - 2 scrolls of identify {unknown}
 l - a scroll of remove curse {unknown}
 o - 3 scrolls of teleportation {unknown}
 q - a scroll of enchant weapon {unknown}
 s - a scroll of blinking {unknown}
Potions
 f - 2 potions of brilliance {unknown}
 h - 3 potions of curing {unknown}
 i - 3 potions of flight {unknown}
 k - 2 potions of heal wounds {unknown}
 p - a potion of cancellation {unknown}
Comestibles
 c - 6 rations


   Skills:
 + Level 5.0 Fighting
 * Level 6.1 Maces & Flails
 - Level 2.5 Armour
 - Level 2.2 Dodging


You had 4 spell levels left.
You didn't know any spells.
Your spell library was empty.

Dungeon Overview and Level Annotations

Branches:
Dungeon (4/15)
 Temple: D:4-7

Altars:
Zin


Innate Abilities, Weirdness & Mutations

You reflexively headbutt those who attack you in melee.
You have a pair of horns on your head.


Message History

You kill the gnoll!
Trog accepts your kill.
Your Fighting skill increases to level 5!
The orc warrior hits you with a trident! x2
The orc priest calls upon Beogh to heal the orc warrior.
The orc warrior's wounds heal themselves!
The orc warrior hits you but does no damage.
There is a stone staircase leading up, spattered with blood here.
You hit the orc priest. You headbutt the orc priest!
The orc priest is severely wounded.
The orc wizard gestures wildly while chanting.
The orc wizard blinks!
The orc warrior hits you with a trident.
* * * LOW HITPOINT WARNING * * *
The orc priest hits you with a dagger.
* * * LOW HITPOINT WARNING * * *
The gnoll misses you.
The orc priest hits you but does no damage.
The orc warrior hits you with a trident!
You die...

.. ... #.### ...
#.... .... #....
..... ##....
#.....
#.....###......
#......ogĀ§.....
#.[@o# #....#
#.#...#
...#.#... ....
#.#...# #.#.
#.#...# ...#
....#.# ..
#..##.#


You could see an orc warrior, an orc priest and a gnoll.

Vanquished Creatures
  3 gnolls (D:4)
  3 adders
  An ooze (D:3)
  5 worms
  3 leopard geckos
  8 orcs
  2 giant cockroaches
  7 goblins
  6 hobgoblins
  8 jackals
  6 bats
  4 frilled lizards
  6 kobolds
  11 rats
73 creatures vanquished.

Notes
Turn   | Place    | Note
-------+----------+-------------------------------------------
     0 | D:1      | ooze the Minotaur Berserker began the quest for the Orb.
     0 | D:1      | Reached XP level 1. HP: 19/19 MP: 0/0
   302 | D:1      | Reached skill level 4 in Maces & Flails
   302 | D:1      | Reached XP level 2. HP: 23/27 MP: 1/1
   744 | D:2      | Reached ** piety under Trog
   848 | D:2      | Reached XP level 3. HP: 31/33 MP: 2/2
   858 | D:2      | Found a glowing silver altar of Zin.
   987 | D:2      | Reached skill level 5 in Maces & Flails
  1280 | D:2      | Reached XP level 4. HP: 38/41 MP: 3/3
  2335 | D:4      | Noticed an orc warrior
  2344 | D:4      | Reached XP level 5. HP: 47/47 MP: 4/4
  2347 | D:4      | Reached skill level 6 in Maces & Flails
  2352 | D:4      | Reached skill level 5 in Fighting
  2354 | D:4      | Slain by an orc warrior

Skill      XL: |  1  2  3  4  5 |
---------------+----------------+-----
Maces & Flails | 4 5 6 |  6.1
Fighting       | 4 5 |  5.0
Armour         | |  2.5
Dodging        | |  2.2

Action                   |  1- 3 |  4- 6 || total
-------------------------+-------+-------++-------
Melee: Mace              |   104 |    74 ||   178
       Headbutt          |    13 |    11 ||    24
Invok: Berserk           |     1 |     2 ||     3
  Eat: Chunk             |     1 |     5 ||     6
Armor: Animal skin       |     8 |       ||     8
       Ring mail         |    31 |       ||    31
       Chain mail        |     7 |    37 ||    44
Dodge: Dodged            |    66 |    34 ||   100
